 Dungeon Crawl Stone Soup version 0.31-a0-1009-g454b1f1e0a (webtiles) character file.

Game seed: 13290134757566440001

892 Descartes the Digger (level 7, -12/36 HPs)
             Began as a Deep Elf Earth Elementalist on Nov 14, 2023.
             Mangled by an ogre
             ... wielding a +0 giant club
              (28 damage)
             ... on level 5 of the Dungeon.
             The game lasted 00:09:58 (4188 turns).

Descartes the Digger (Deep Elf Earth Elementalist)  Turns: 4188, Time: 00:09:58

Health: -12/36     AC:  3    Str:  5    XL:     7   Next: 78%
Magic:  12/13      EV: 26    Int: 22    God:
Gold:   270        SH:  5    Dex: 15    Spells: 8/12 levels left

rFire   + . .        h - +2 short sword (speed)
rCold   + . .        i - +0 buckler
rNeg    . . .        d - +0 leather armour {Will+}
rPois   .            (no helmet)
rElec   .            (no cloak)
rCorr   .            (no gloves)
SInv    .            (no boots)
Will    +....        g - amulet of the acrobat
Stlth   ++           s - ring of protection from fire
HPRegen 0.26/turn    t - ring of protection from cold
MPRegen 0.13/turn

%: acrobat
@: acrobatic
A: no striking features
a: no special abilities


You were on level 5 of the Dungeon.
You visited 1 branch of the dungeon, and saw 5 of its levels.

You collected 270 gold pieces.

Inventory:

Hand Weapons
 e - a +0 short sword
 h - a +2 short sword of speed (weapon)
Missiles
 o - 2 boomerangs
 B - 6 javelins
 C - 8 poisoned darts
Armour
 d - a +0 leather armour of willpower (worn)
 i - a +0 buckler (worn)
Magical Staves
 r - a staff of air
Jewellery
 g - an amulet of the acrobat (around neck)
 s - a ring of protection from fire (left hand)
 t - a ring of protection from cold (right hand)
 y - a ring of magical power
 E - an amulet of regeneration
Wands
 p - a wand of roots (7)
 D - a wand of flame (14)
Scrolls
 a - a scroll of noise {unknown}
 f - 4 scrolls of teleportation {unknown}
 k - a scroll of fear {unknown}
 l - 3 scrolls of identify {unknown}
 m - 2 scrolls of enchant armour {unknown}
 n - 2 scrolls of fog {unknown}
 v - a scroll of enchant weapon {unknown}
Potions
 b - a potion of magic
 c - 4 potions of curing {unknown}
 j - a potion of might {unknown}
 q - 2 potions of haste {unknown}
 u - 3 potions of attraction {unknown}
 w - a potion of heal wounds {unknown}
 x - 2 potions of brilliance {unknown}
 z - 3 potions of enlightenment {unknown}
 A - 3 potions of degeneration {unknown}


   Skills:
 + Level 3.4 Armour
 - Level 2.4 Dodging
 - Level 2.4 Stealth
 + Level 3.3 Shields
 - Level 3.0 Spellcasting
 + Level 3.5 Conjurations
 - Level 1.1 Transmutations
 + Level 6.7 Earth Magic


You had 8 spell levels left.
You knew the following spells:

 Your Spells              Type           Power      Damage    Failure   Level
a - Sandblast             Erth           64%        2d14      2%          1
b - Stone Arrow           Conj/Erth      50%        3d10      13%         3

Your spell library contained the following spells:

 Spells                   Type           Power      Damage    Failure   Level
 Passwall                 Tmut/Erth      16%        N/A       11%         2
 Shock                    Conj/Air       44%        1d5       17%         1
 Freeze                   Ice            12%        1d3       34%         1
 Slow                     Hex            12%        N/A       34%         1
 Brom's Barrelling Bould  Conj/Erth      25%        2d5       38%         4
 Cigotuvi's Dreadful Rot  Necr/Pois/Air  6%         N/A       45%         2
 Hailstorm                Conj/Ice       11%        3d5       45%         3
 Petrify                  Tmut/Erth      20%        N/A       56%         4
 Ignite Poison            Fire/Tmut/Pois 4%         N/A       65%         3
 Confusing Touch          Hex            3%         N/A       71%         3
 Frozen Ramparts          Ice            6%         1d1       71%         3
 Sigil of Binding         Hex            3%         N/A       71%         3
 Swiftness                Air            3%         N/A       71%         3
 Vampiric Draining        Necr           3%         2d6       71%         3
 Airstrike                Air            1%         2d(1-17)  98%         4
 Freezing Cloud           Conj/Ice/Air   4%         6-21      99%         5


Dungeon Overview and Level Annotations

Branches:
Dungeon (5/15)
 Temple: D:4-7

Altars:
Cheibriados
Dithmenos
Hepliaklqana
Vehumet
Xom
Yredelemnul
Zin
The Shining One

Annotations:
D:4 2 transporters, kskgo's ghost, amateur DjFE


Message History

Casting: Sandblast (safe; 2% risk of failure)
Confirm with . or Enter, or press ? or * to list all spells.
Aiming: Sandblast (safe; 2% risk of failure)
Press: ? - help, Shift-Dir - straight line, f - scorpion
Aim: a scorpion (84% to hit)
The blast of sand hits the scorpion!
The scorpion is severely wounded.
Casting: Sandblast (safe; 2% risk of failure)
Confirm with . or Enter, or press ? or * to list all spells.
Aiming: Sandblast (safe; 2% risk of failure)
Press: ? - help, Shift-Dir - straight line, f/p - scorpion
Aim: a scorpion (severely wounded, 84% to hit)
The blast of sand hits the scorpion!
You kill the scorpion!
An ogre comes into view. It is wielding a +0 giant spiked club.
An ogre is nearby!
The ogre shouts!
An ogre comes into view. It is wielding a +0 giant club.
A white imp comes into view.
Casting: Sandblast (safe; 2% risk of failure)
Confirm with . or Enter, or press ? or * to list all spells.
Aiming: Sandblast (safe; 2% risk of failure)
Press: ? - help, Shift-Dir - straight line, f - ogre
Aim: an ogre, wielding a +0 giant spiked club (92% to hit)
The blast of sand hits the ogre!
The ogre is moderately wounded.
The white imp shouts, "Crawl home, thou dandy kobold-kissing whip-jack!"
The ogre shouts!
You hear an angry hiss.
You hear a shout! x3
An iguana comes into view.
The white imp spits at you.
The white imp disappears for a moment.
The ogre attacks as it pursues you!
The ogre hits you with a +0 giant spiked club!!
Ouch! That really hurt!
A sleepcap comes into view.
Unknown command.
The ogre attacks as it pursues you!
The ogre hits you with a +0 giant club!!
Ouch! That really hurt!
You die...

#..........
#.#.#.#.#.#.
#...>.......
#.#.#.#.#.#
#†l.5......
#.#O#.#.#.#
#..........
#.#O#.#.#.#
#...@.....#
##........###
#.##..#....
#........##
## #........#
.#..
#..#.....#
..#
#...>....# ..
##.#####.# #.
#.#####.# #.


You could see 2 ogres and an iguana.

Vanquished Creatures
  Menkaure (D:4)
  A water moccasin (D:5)
  A phantom (D:4)
  3 scorpions (D:5)
  4 crimson imps (D:3)
  An orc priest (D:3)
  2 hounds (D:3)
  An iguana (D:4)
  6 adders
  5 dart slugs
  8 orcs
  8 ball pythons
  5 bats
  4 endoplasms
  8 giant cockroaches
  3 goblins
  13 hobgoblins
  3 jackals (D:2)
  11 kobolds
  4 quokkas
  4 frilled lizards
  13 rats
109 creatures vanquished.

Notes
Turn   | Place    | Note
-------+----------+-------------------------------------------
     0 | D:1      | Descartes the Deep Elf Earth Elementalist began the quest
                  | for the Orb.
     0 | D:1      | Reached XP level 1. HP: 10/10 MP: 6/6
   182 | D:1      | Reached XP level 2. HP: 15/15 MP: 5/8
   226 | D:1      | Reached skill level 4 in Earth Magic
   660 | D:1      | Reached XP level 3. HP: 19/19 MP: 5/9
   938 | D:2      | Found a faded altar of an unknown god.
  1184 | D:2      | Reached skill level 5 in Earth Magic
  1184 | D:2      | Reached XP level 4. HP: 18/24 MP: 7/10
  1329 | D:2      | Reached skill level 1 in Armour
  1585 | D:2      | Reached skill level 1 in Shields
  2134 | D:3      | Found a shadowy altar of Dithmenos.
  2134 | D:3      | Found a snail-covered altar of Cheibriados.
  2153 | D:3      | Reached XP level 5. HP: 24/28 MP: 8/11
  2545 | D:3      | Found a radiant altar of Vehumet.
  2574 | D:3      | Learned a level 3 spell: Stone Arrow
  2734 | D:3      | Found a shimmering altar of Xom.
  2740 | D:3      | Reached skill level 1 in Conjurations
  2740 | D:3      | Reached XP level 6. HP: 25/32 MP: 8/12
  2937 | D:3      | Found a glowing golden altar of the Shining One.
  3033 | D:4      | Found a transporter.
  3158 | D:4      | Found a basalt altar of Yredelemnul.
  3222 | D:4      | Noticed kskgo's ghost (amateur DjFE)
  3223 | D:4      | Noticed an angel
  3224 | D:4      | Found a glowing silver altar of Zin.
  3258 | D:4      | Found a transporter.
  3269 | D:4      | Reached skill level 6 in Earth Magic
  3273 | D:4      | Noticed Menkaure
  3495 | D:4      | Killed Menkaure
  3496 | D:4      | Reached XP level 7. HP: 36/36 MP: 10/13
  3576 | D:4      | Found a hazy altar of Hepliaklqana.
  3674 | D:5      | Entered Level 5 of the Dungeon
  4188 | D:5      | Mangled by an ogre

Illustrated notes

Levels and vault maps discovered:
D:1:      erik_arrival_blinker_ship, layout_basic
D:2:      layout_loops_cross, shapermc_ecumenical_altar_venn,
          minmay_randomly_rotated_circles
D:3:      layout_loops_corners, mainiacjoe_overflow_alcove_4, led_xom_imps,
          vehumet_crystals, gammafunk_temple_overflow_wave
D:4:      layout_cave_pools, zin_angel, mainiacjoe_overflow_small_starburst,
          nicolae_overflow_crystal_walls, gammafunk_ghost_stat_death,
          uniq_menkaure
D:5:      layout_loops_cross, st_stairs_11

Skill      XL: |  1  2  3  4  5  6  7 |
---------------+----------------------+-----
Earth Magic    | 4 5 6 |  6.7
Armour         | 1 2 3 |  3.4
Shields        | 1 2 3 |  3.3
Conjurations   | 1 2 3 |  3.5
Dodging        | |  2.4
Stealth        | |  2.4
Spellcasting   | |  3.0
Transmutations | |  1.1

Action                     |  1- 3 |  4- 6 |  7- 9 || total
---------------------------+-------+-------+-------++-------
   Cast: Sandblast         |    57 |    84 |    20 ||   161
 Armour: Skin              |     1 |       |       ||     1
         Leather armour    |     5 |    21 |     7 ||    33
  Dodge: Dodged            |     6 |    14 |    10 ||    30
  Block: Buckler           |     1 |     2 |     1 ||     4

Table legend: (Time is in decaauts)
 A = Elapsed time spent in this place.
 B = Non-inter-level travel time spent in this place.
 C = Inter-level travel time spent in this place.
 D = Time resting spent in this place.
 E = Time spent auto-exploring this place.
 F = Levels seen in this place.
 G = Mean time per level.
                   A        B        C        D        E       F      G
               +--------+--------+--------+--------+--------+-----+--------+
         Total |   4267 |   4182 |     85 |      0 |   3538 |   5 |  853.4 |
       Dungeon |   4267 |   4182 |     85 |      0 |   3538 |   5 |  853.4 |
               +--------+--------+--------+--------+--------+-----+--------+

Top non-repeatable levels by time:
     D:3: 1153 daAuts
     D:2: 1003 daAuts
     D:1: 936 daAuts
     D:4: 676 daAuts
     D:5: 497 daAuts
